 Dungeon Crawl Stone Soup version 0.25-a0-424-g80bd347ae0 (webtiles) character file.

Game seed: 3776556154819287994, levelgen mode: deterministic

18978 tilp the Zephyrmancer (level 12, 0/73 HPs)
             Began as a Tengu Air Elementalist on Jan 22, 2020.
             Was an Elder of Sif Muna.
             Slain by an ice beast (6 damage)
             ... summoned by an ice statue
             ... in an ice cave.
             The game lasted 00:48:27 (16649 turns).

tilp the Zephyrmancer (Tengu Air Elementalist)     Turns: 16649, Time: 00:48:28

Health: 0/73       AC:  6    Str: 13    XL:     12   Next: 64%
Magic:  12/23      EV: 21    Int: 19    God:    Sif Muna [****..]
Gold:   193        SH:  6    Dex: 17    Spells: 4/24 levels left

rFire    + . .     SeeInvis .   a - staff of air
rCold    + . .     Gourm    .   u - +0 buckler
rNeg     . . .     Faith    .   H - +0 robe {rC+}
rPois    +         Spirit   .   (helmet restricted)
rElec    +         Reflect  .   y - +1 cloak (curse)
rCorr    .         Harm     .   n - +1 pair of gloves {Str+3}
MR       .....                  (boots unavailable)
Stlth    ++++......             k - amulet of regeneration
HPRegen  0.62/turn              N - ring "Haycsop" {rElec rF+ Str+2 Stlth+}
MPRegen  0.18/turn              T - ring of poison resistance

@: flying quickly and evasively, very slightly contaminated, quick
A: beak, talons 3, able to fly
a: Stop Flying, Channel Magic, Forget Spell, Divine Exegesis, Renounce Religion


You were in an ice cave.
You worshipped Sif Muna.
Sif Muna was greatly pleased with you.
You were near starving.

You visited 3 branches of the dungeon, and saw 15 of its levels.
You visited 1 bazaar.
You also visited: Ossuary and Ice Cave.

You collected 864 gold pieces.
You spent 671 gold pieces at shops.

Inventory:

Hand Weapons
 b - a +1 scimitar of flaming
Missiles
 e - 19 poisoned darts (quivered)
 f - 5 atropa-tipped darts
 j - 2 throwing nets
 l - 3 silver boomerangs
 v - 11 boomerangs
Armour
 n - a +1 pair of gloves of strength (worn)
 u - a +0 buckler (worn)
 y - a cursed +1 cloak (worn)
 C - a +1 robe of magic resistance
 H - a +0 robe of cold resistance (worn)
 K - the +2 robe "Muinyobe" {Slay+2}
   (You found it on level 7 of the Dungeon)

   It affects your accuracy and damage with ranged weapons and melee attacks
   (+2).
Magical Staves
 a - an uncursed staff of air (weapon)
Jewellery
 k - an amulet of regeneration (around neck)
 I - an uncursed ring of fire
 N - the ring "Haycsop" (left hand) {rElec rF+ Str+2 Stlth+}
   (You bought it in a shop on level 4 of the Dungeon)

   [ring of stealth]

   It affects your strength (+2).
   It protects you from fire.
   It insulates you from electricity.
   It makes you more stealthy.
 Q - an uncursed amulet of rage {unknown}
 T - a ring of poison resistance (right hand)
Wands
 g - a wand of scattershot (6)
 x - a wand of disintegration (5)
 A - a wand of flame (64)
 B - a wand of acid (4)
 P - a wand of polymorph (8)
 W - a wand of random effects (15)
 X - a wand of digging (3)
Scrolls
 d - a scroll of fear
 h - 2 scrolls of amnesia
 o - 5 scrolls of remove curse
 p - a scroll of fog
 M - 4 scrolls of teleportation
Potions
 i - a potion of ambrosia {unknown}
 m - 3 potions of mutation
 q - 3 potions of lignification
 r - 6 potions of curing
 s - 3 potions of degeneration {unknown}
 t - 2 potions of berserk rage {unknown}
 w - 5 potions of flight {unknown}
 z - 3 potions of agility
 D - 5 potions of heal wounds
 E - 5 potions of brilliance
 F - a potion of magic {unknown}
 G - 6 potions of might
 J - a potion of haste {unknown}
 O - 2 potions of resistance {unknown}
 R - 2 potions of invisibility {unknown}
Miscellaneous
 S - a phial of floods
Comestibles
 c - 22 rations
 L - 3 chunks of flesh


   Skills:
 - Level 8.0 Fighting
 - Level 8.0 Staves
 - Level 8.0 Dodging
 - Level 4.0 Stealth
 - Level 5.6 Shields
 + Level 6.8 Spellcasting
 + Level 6.7 Conjurations
 + Level 10.4 Air Magic
 - Level 6.1 Invocations
 - Level 6.0 Evocations


You had 4 spell levels left.
You knew the following spells:

 Your Spells              Type           Power        Failure   Level  Hunger
a - Shock                 Conj/Air       ####         1%          1    None
b - Swiftness             Chrm/Air       #####...     1%          2    None
c - Static Discharge      Conj/Air       ######..     1%          3    #......
d - Airstrike             Air            ######....   1%          4    ###....
e - Lightning Bolt        Conj/Air       ######....   9%          5    #####..
f - Blink                 Tloc           N/A          16%         2    None
g - Mephitic Cloud        Conj/Pois/Air  #####...     3%          3    #......

Your spell library contained the following spells:

 Spells                   Type           Power        Failure   Level  Hunger
 Magic Dart               Conj           ####         1%          1    None
 Conjure Flame            Conj/Fire      ###.....     8%          3    #......
 Call Imp                 Summ           #.......     16%         2    None
 Slow                     Hex            #.......     16%         2    None


Dungeon Overview and Level Annotations

Branches:
Dungeon (11/15)            Temple (1/1) D:5            Lair (3/6) D:11
 Spider (0/4) Lair:2      Ossuary (visited)           IceCv (1/1)
  Swamp: Lair:2-4    Shoals: Lair:2-4       Orc: D:9-12

Altars:
Ashenzari
Cheibriados
Dithmenos
Elyvilon
Fedhas
Gozag
Hepliaklqana
Kikubaaqudgha
Makhleb
Nemelex Xobeh
Okawaru
Qazlal
Ru
Sif Muna
Trog
Uskayaw
Vehumet
Wu Jian
Xom
Yredelemnul
Zin
The Shining One

Shops:
D:4 =   D:10 :   D:11 *!([

Annotations:
D:10 exclusion: 3 doors IceCv exclusion: ice statue


Innate Abilities, Weirdness & Mutations

You have a beak for a mouth.
You have claws for feet.
You can fly continuously.


Message History

The ice beast completely misses you.
Casting: Lightning Bolt (slightly dangerous; 9% risk of failure)
Confirm with . or Enter, or press ? or * to list all spells.
Aiming: Lightning Bolt (slightly dangerous; 9% risk of failure)
Press: ? - help, Shift-Dir - straight line, f/p - ice statue
Aim: an ice statue (almost destroyed)
You feel a surge of power!
You hear a mighty clap of thunder!
The bolt of lightning hits the ice beast!
The ice beast is heavily wounded.
The bolt of lightning hits the ice statue.
The ice statue resists.
The ice statue is almost destroyed.
You are near starving!
You are engulfed in freezing vapours.
You resist.
* * * LOW HITPOINT WARNING * * *
The ice beast hits you.
* * * LOW HITPOINT WARNING * * *
The ice beast freezes you. You resist.
You die...

.## ..### ###...8
###..... ###......
##....°.. ####
#....§YY# #####..##
#....○§@###.......####
##....§#○§......##...##
##.....§§.....#...#..#
##....°.....##≈≈##..#
##.#....#.##≈≈##..##
####..####≈≈##.÷##
#..###≈≈##.÷##
##..##≈≈#..##
##..##≈##..##


You could see an ice statue and 2 ice beasts.

Vanquished Creatures
  Erolcha (D:11)
  2 hydras
  Pikel (D:5)
  An oklob plant (Lair:1)
  A deep elf mage (D:8)
  3 elephants (Lair:2)
  Joseph (D:7)
  4 spiny frogs
  2 centaur skeletons (D:10)
  A kobold demonologist (D:11)
  6 polar bears (IceCv)
  A hippogriff (D:10)
  5 blink frogs (Lair:1)
  A shadow (D:10)
  A vampire (D:11)
  14 yaks
  3 basilisks
  A soldier ant (D:10)
  11 porcupines
  3 water moccasins (Lair:2)
  Duvessa (D:7)
  2 orc warriors
  8 ice beasts
  A sky beast (D:10)
  A black bear (Lair:3)
  A phantom (D:8)
  3 slaves (D:5)
  5 ogres
  An eye of draining (D:10)
  A centaur (D:5)
  5 wolves (IceCv)
  3 crocodiles
  4 water moccasin zombies (Ossuary)
  7 bullfrogs
  2 scorpions
  Dowan (D:7)
  6 killer bees (D:7)
  2 howler monkeys (D:8)
  An electric eel (Lair:1)
  8 wights
  5 crimson imps
  A quasit (D:11)
  A centaur zombie (D:5)
  5 hounds
  6 jellies
  A bullfrog zombie (D:11)
  6 orc priests
  3 bullfrog skeletons
  3 iguanas
  13 orc wizards
  8 worker ants
  3 big kobold zombies (Ossuary)
  2 mummies (Ossuary)
  A hound zombie (D:7)
  2 worker ant zombies
  6 adders
  A river rat (D:6)
  A shadow imp (D:6)
  8 oozes
  An adder skeleton (D:5)
  5 adder zombies
  4 worms
  4 leopard geckos
  30 orcs
  4 giant cockroaches
  A gnoll zombie (Ossuary)
  6 goblins
  6 hobgoblins
  9 jackals
  4 quokkas
  3 ball pythons
  12 bats
  8 frilled lizards
  7 hobgoblin zombies (Ossuary)
  5 kobolds
  7 kobold zombies
  3 orc zombies (Ossuary)
  28 rats
  A plant (Lair:1)
350 creatures vanquished.

Vanquished Creatures (others)
  2 fungi
2 creatures vanquished.

Grand Total: 352 creatures vanquished

Notes
Turn   | Place    | Note
-------+----------+-------------------------------------------
     0 | D:1      | tilp the Tengu Air Elementalist began the quest for the
                  | Orb.
     0 | D:1      | Reached XP level 1. HP: 10/10 MP: 4/4
    82 | D:1      | Reached XP level 2. HP: 15/15 MP: 1/6
    86 | D:1      | Learned a level 2 spell: Swiftness
   663 | D:1      | Reached XP level 3. HP: 19/19 MP: 4/7
   668 | D:1      | Learned a level 3 spell: Static Discharge
  1077 | D:2      | Found a shattered altar of Ashenzari.
  1545 | D:2      | Reached XP level 4. HP: 24/24 MP: 6/8
  2539 | D:3      | Gained mutation: You can fly continuously. [Tengu growth]
  2539 | D:3      | Reached XP level 5. HP: 28/28 MP: 7/9
  2893 | D:3      | Reached skill level 5 in Conjurations
  2895 | D:3      | Reached skill level 5 in Air Magic
  3261 | D:4      | Found Anogyd's Jewellery Shoppe.
  3578 | D:4      | Found a white marble altar of Elyvilon.
  3838 | D:3      | Found a hide-covered altar of Uskayaw.
  3891 | D:5      | Entered Level 5 of the Dungeon
  3900 | D:5      | Noticed a slave
  3901 | D:5      | Noticed Pikel
  3975 | D:5      | Reached XP level 6. HP: 32/32 MP: 6/11
  4021 | D:5      | Learned a level 4 spell: Airstrike
  4054 | D:5      | Reached skill level 6 in Air Magic
  4496 | D:5      | Found a staircase to the Ecumenical Temple.
  4522 | Temple   | Entered the Ecumenical Temple
  4752 | D:5      | Reached skill level 1 in Shields
  4752 | D:5      | Reached XP level 7. HP: 36/36 MP: 8/14
  4830 | D:5      | Found a bloodstained altar of Trog.
  4833 | D:5      | Found an ornate altar of the Wu Jian Council.
  4836 | D:5      | Found a radiant altar of Vehumet.
  5314 | D:5      | HP: 1/36 [Pikel/+0 whip of flaming (1)]
  5355 | D:5      | Killed Pikel
  5355 | D:5      | Reached skill level 5 in Shields
  5355 | D:5      | Reached XP level 8. HP: 23/41 MP: 0/15
  5668 | D:6      | Found a sand-covered staircase.
  5687 | Ossuary  | Entered an ossuary
  5817 | Ossuary  | Reached skill level 1 in Fighting
  6036 | D:6      | Found a glowing golden altar of the Shining One.
  6200 | D:6      | Found a shimmering blue altar of Sif Muna.
  6204 | D:6      | Became a worshipper of Sif Muna the Loreminder
  6889 | D:6      | Identified Sif Muna's Catalogue of Flight
  7121 | D:6      | Learned a level 3 spell: Mephitic Cloud
  7124 | D:6      | Learned a level 2 spell: Blink
  7231 | D:7      | Reached XP level 9. HP: 48/51 MP: 5/16
  7384 | D:7      | Reached skill level 5 in Dodging
  7464 | D:7      | Got a twisted robe
  7510 | D:7      | Noticed Joseph
  7710 | D:7      | Reached * piety under Sif Muna
  7930 | D:7      | Noticed Dowan
  7980 | D:7      | Reached skill level 7 in Air Magic
  8272 | D:8      | Reached skill level 8 in Air Magic
  8522 | D:8      | Reached skill level 9 in Air Magic
  8684 | D:8      | Reached ** piety under Sif Muna
  8846 | D:8      | Reached skill level 10 in Air Magic
  8978 | D:8      | Reached skill level 1 in Invocations
  8978 | D:8      | Reached skill level 1 in Evocations
  9168 | D:8      | Found an ornate altar of the Wu Jian Council.
  9168 | D:8      | Noticed a deep elf mage
  9172 | D:8      | Killed a deep elf mage
  9172 | D:8      | Reached XP level 10. HP: 56/56 MP: 4/17
  9284 | D:8      | Identified the +2 robe "Muinyobe" {Slay+2} (You found it on
                  | level 7 of the Dungeon)
  9420 | D:4      | Bought the ring "Haycsop" {rElec rF+ Str+2 Stlth+} for 427
                  | gold pieces
 10212 | D:10     | Entered Level 10 of the Dungeon
 10745 | D:10     | Found Puesyrphed's Book Shoppe.
 10797 | D:10     | Reached *** piety under Sif Muna
 11062 | D:10     | Reached skill level 5 in Invocations
 11276 | D:4      | Bought an uncursed ring of poison resistance for 200 gold
                  | pieces
 11403 | D:11     | Noticed Erolcha
 11429 | D:11     | Found Zaomn's Assorted Antiques.
 11461 | D:11     | Found Laodij's Distillery.
 11472 | D:11     | Noticed a four-headed hydra
 11566 | D:11     | Noticed a kobold demonologist
 11571 | D:11     | Killed a kobold demonologist
 11577 | D:10     | Reached skill level 5 in Spellcasting
 11577 | D:10     | Reached skill level 5 in Evocations
 11750 | D:11     | Found Fiucheg's Weapon Emporium.
 11835 | D:11     | Found Tuots's Armour Shop.
 11873 | D:11     | Found a staircase to the Lair.
 11984 | D:11     | Killed a four-headed hydra
 11984 | D:11     | Reached XP level 11. HP: 32/61 MP: 3/20
 12106 | D:11     | Killed Erolcha
 12126 | D:11     | Found a flickering gateway to a bazaar.
 12131 | Bazaar   | Entered a bazaar
 12131 | Bazaar   | Found Jepteb's Distillery.
 12134 | Bazaar   | Found Zuhi's Magic Scroll Shoppe.
 12155 | Bazaar   | Found Ziraoh's Food Emporium.
 12167 | Bazaar   | Found Yblen's General Store.
 12175 | Bazaar   | Found Ynamaet's Food Emporium.
 12222 | Bazaar   | Bought a scroll of identify for 22 gold pieces
 12222 | Bazaar   | Bought a scroll of identify for 22 gold pieces
 12518 | D:7      | Killed Joseph
 12518 | D:7      | Reached skill level 1 in Staves
 12622 | D:7      | Learned a level 5 spell: Lightning Bolt
 12652 | D:7      | Noticed Duvessa
 12657 | D:7      | Killed Dowan
 12667 | D:7      | Killed Duvessa
 12900 | Lair:1   | Entered Level 1 of the Lair of Beasts
 12982 | Lair:1   | Reached skill level 5 in Fighting
 13332 | Lair:1   | Reached **** piety under Sif Muna
 13349 | Lair:1   | Got a heavily runed wooden ring
 13616 | Lair:1   | Noticed an oklob plant
 13929 | Lair:1   | Killed an oklob plant
 13929 | Lair:1   | Reached skill level 5 in Staves
 14099 | Lair:2   | Found a hole to the Spider Nest.
 14385 | Lair:2   | Reached XP level 12. HP: 58/72 MP: 0/22
 14585 | Lair:2   | Noticed a five-headed hydra
 15409 | Lair:2   | Killed a five-headed hydra
 15630 | Lair:2   | Identified the ring of Buyg {rPois Str+7 Slay-6} (You found
                  | it on level 1 of the Lair of Beasts)
 15995 | Lair:3   | Found a frozen archway.
 16017 | IceCv    | Entered an ice cave
 16574 | IceCv    | Noticed a frost giant
 16649 | IceCv    | Slain by an ice beast

Levels and vault maps discovered:
D:1:      onia_arrival_handbag, layout_basic
D:2:      layout_basic, overflow_temple_1_default, first_ration, st_stairs_12
D:3:      minmay_skewed_foursquare, layout_basic,
          nicolae_overflow_hidden_temple, corexii_leaking_fountain,
          minmay_rat_hole
D:4:      layout_gridville, nicolae_overflow_crystal_walls, serial_shops, shop
D:5:      layout_cave_pods, grunt_temple_overflow_diamond,
          minmay_temple_entry_mini_moons, uniq_pikel
D:6:      layout_cave_pods, old_standard_altar, led_sif_book, enter_ossuary_3,
          gup_sewer_entry_spiral, hangedman_decor_riveting
D:7:      layout_rooms, serial_curves, eino_curves_04, eino_curves_03,
          eino_curves_01, eino_curves_03, uniq_joseph, uniq_duvessa
D:8:      layout_cave_pools, hangedman_little_slice_of_home,
          david_defended_altar_elf
D:9:      layout_loops_ring
D:10:     layout_roguey [special_room_bee], serial_shops, shop
D:11:     layout_rooms, lair_entry_dummy, serial_shops, bzr_entry_road,
          nicolae_shop_behind_doors, nicolae_shop_crystal,
          kennysheep_little_box, nicolae_shop_window_shopping, uniq_erolcha
Temple:   minmay_temple_curvy_branch
Lair:1:   layout_regular_city, minmay_stone_trees_small, lemuel_fruit_tree,
          grunt_megastairs_1, serial_bayou_shore_a, minmay_lair_oklob_chamber
Lair:2:   layout_regular_city, dummy_spider_entry, beast_lair_carwin_4
Lair:3:   layout_cave_shapes, gammafunk_ghost_necromancy, basic_altar,
          portal_ice_cave_entry_ice_beasts, st_stairs_12
IceCv:    ice_cave_small_giant

Skill      XL: |  1  2  3  4  5  6  7  8  9 10 11 12 |
---------------+-------------------------------------+-----
Conjurations   | 2 3 4 5 6 |  6.7
Air Magic      | 5 6 10 | 10.4
Spellcasting   | 3 4 5 6 |  6.8
Shields        | 1 5 |  5.6
Fighting       | 3 4 7 8 |  8.0
Dodging        | 4 6 8 |  8.0
Stealth        | 4 |  4.0
Invocations    | 2 6 |  6.1
Evocations     | 2 5 6 |  6.0
Staves         | 6 8 |  8.0

Action                   |  1- 3 |  4- 6 |  7- 9 | 10-12 || total
-------------------------+-------+-------+-------+-------++-------
Melee: Spear             |       |    11 |     6 |       ||    17
       Kick              |       |     3 |    29 |    60 ||    92
       Peck              |       |     2 |    14 |    47 ||    63
       Scimitar          |       |       |    86 |    46 ||   132
       Staff             |       |       |       |   158 ||   158
Throw: Dart              |     1 |     5 |    14 |     4 ||    24
 Cast: Shock             |    74 |   108 |   149 |   169 ||   500
       Static Discharge  |       |     2 |     9 |    49 ||    60
       Airstrike         |       |       |    44 |    72 ||   116
       Mephitic Cloud    |       |       |     1 |     3 ||     4
       Lightning Bolt    |       |       |       |    16 ||    16
Invok: Channel Magic     |       |       |       |     4 ||     4
 Abil: Fly               |       |     1 |       |       ||     1
Evoke: Wand              |       |       |       |     6 ||     6
  Use: Scroll            |     1 |     7 |     7 |    10 ||    25
 Stab: Sleeping          |       |       |     1 |     5 ||     6
       Distracted        |       |       |       |     1 ||     1
       Confused          |       |       |       |     1 ||     1
  Eat: Chunk             |     3 |     9 |    17 |    32 ||    61
       Ration            |       |       |     2 |     2 ||     4
Armor: Robe              |     1 |     8 |    27 |    32 ||    68
Dodge: Dodged            |    10 |    26 |    68 |   193 ||   297
Block: Buckler           |       |       |     5 |    72 ||    77
       Rpst.: Scimitar   |       |       |    26 |    18 ||    44

Table legend:
 A = Non-vault XP
 B = Vault XP
 C = Vault XP percentage of total XP
 D = Non-vault monster count
 E = Vault monster count
 F = Vault count percentage of total count
                 A         B        C        D         E       F
            +---------+---------+-------+---------+---------+-------
      Total |   18340 |    8772 |  32.4 |     238 |     108 |  31.2
            +---------+---------+-------+---------+---------+-------
        D:1 |      25 |      10 |  28.6 |      15 |       4 |  21.1
        D:2 |      60 |      18 |  23.1 |      27 |       3 |  10.0
        D:3 |      70 |      26 |  27.1 |      21 |      22 |  51.2
        D:4 |      88 |       0 |   0.0 |       5 |       0 |   0.0
        D:5 |     472 |     617 |  56.7 |      12 |       1 |   7.7
        D:6 |     181 |     116 |  39.1 |       9 |       9 |  50.0
        D:7 |    1249 |     650 |  34.2 |      29 |       3 |   9.4
        D:8 |     945 |     674 |  41.6 |      16 |       9 |  36.0
        D:9 |     556 |       0 |   0.0 |      19 |       0 |   0.0
       D:10 |    2261 |       0 |   0.0 |      17 |       0 |   0.0
       D:11 |    2544 |    1010 |  28.4 |      27 |       1 |   3.6
     Lair:1 |    3407 |     700 |  17.0 |      16 |       2 |  11.1
     Lair:2 |    5536 |     536 |   8.8 |      20 |       4 |  16.7
     Lair:3 |     946 |     777 |  45.1 |       5 |       6 |  54.5
    Ossuary |       0 |     463 | 100.0 |       0 |      29 | 100.0
      IceCv |       0 |    3175 | 100.0 |       0 |      15 | 100.0
            +---------+---------+-------+---------+---------+-------
